 Dungeon Crawl Stone Soup version 0.28-a0-1002-gf00fe891ef (webtiles) character file.

Game seed: 6275432262189301566

3966 horus123 the Quickloader (level 10, -6/57 HPs)
             Began as a Kobold Hunter on Dec 7, 2021.
             Was a Follower of Makhleb.
             Mangled by a slime creature (16 damage)
             ... on level 7 of the Dungeon.
             The game lasted 00:26:34 (9719 turns).

horus123 the Quickloader (Kobold Hunter)            Turns: 9719, Time: 00:26:35

Health: -6/57      AC: 11    Str: 11    XL:     10   Next: 45%
Magic:  8/16       EV: 15    Int: 18    God:    Makhleb [*.....]
Gold:   845        SH:  0    Dex: 19    Spells: 4/17 levels left

rFire   . . .      SeeInvis .   a - +4 hand crossbow
rCold   . . .      Faith    .   (shield restricted)
rNeg    . . .      Spirit   .   m - +1 steam dragon scales
rPois   .          Reflect  .   A - +0 helmet
rElec   .          Harm     .   (no cloak)
rCorr   .          Rampage  .   w - +1 pair of gloves
Will    .....                   D - +1 pair of boots
Stlth   +++.......              (no amulet)
HPRegen 0.19/turn               g - +6 ring of intelligence
MPRegen 0.15/turn               j - ring of wizardry

@: no status effects
A: small, no large weapons, nightstalker 3
a: Renounce Religion


You were on level 7 of the Dungeon.
You worshipped Makhleb.
Makhleb was aware of your devotion.
You visited 2 branches of the dungeon, and saw 10 of its levels.

You collected 845 gold pieces.

Inventory:

Hand Weapons
 a - a +4 hand crossbow (weapon)
 b - a +0 short sword
 y - a +3 short sword of protection
Missiles
 d - 36 bolts (quivered ammo)
 s - 2 throwing nets
Armour
 c - a +0 leather armour
 i - a +0 pair of gloves
 m - +1 steam dragon scales (worn)
 n - a +0 pair of boots
 w - a +1 pair of gloves (worn)
 A - a +0 helmet (worn)
 D - a +1 pair of boots (worn)
Jewellery
 g - a +6 ring of intelligence (left hand)
 j - a ring of wizardry (right hand)
 l - a ring of resist corrosion
Wands
 f - a wand of iceblast (8)
 p - a wand of acid (11)
Scrolls
 q - 2 scrolls of fear
 u - a scroll of holy word
 v - 2 scrolls of immolation
 x - a scroll of magic mapping
Potions
 e - 2 potions of brilliance
 h - 2 potions of curing {unknown}
 k - a potion of heal wounds
 o - a potion of invisibility
 r - a potion of might {unknown}
 t - a potion of attraction {unknown}
 z - 2 potions of haste
 B - a potion of flight {unknown}
 C - a potion of lignification {unknown}


   Skills:
 - Level 4.2 Fighting
 - Level 8.1 Crossbows
 - Level 2.4 Dodging
 - Level 1.3 Stealth
 + Level 4.2 Spellcasting
 - Level 5.5 Hexes
 - Level 5.9 Summonings
 - Level 3.4 Translocations
 - Level 3.6 Fire Magic
 - Level 5.6 Ice Magic
 - Level 4.5 Evocations


You had 4 spell levels left.
You knew the following spells:

 Your Spells              Type           Power      Damage    Failure   Level
a - Blink                 Tloc           32%        N/A       2%          2
b - Scorch                Fire           32%        2d6       1%          2
c - Slow                  Hex            92%        N/A       1%          1
d - Flame Wave            Conj/Fire      10%        2d5       26%         4
e - Summon Ice Beast      Ice/Summ       24%        N/A       5%          4

Your spell library contained the following spells:

 Spells                   Type           Power      Damage    Failure   Level
 Ozocubu's Armour         Ice            24%        N/A       1%          3
 Lesser Beckoning         Tloc           16%        N/A       4%          3
 Metabolic Englaciation   Hex/Ice        11%        N/A       16%         5
 Summon Mana Viper        Hex/Summ       24%        N/A       16%         5
 Manifold Assault         Tloc           16%        N/A       36%         5
 Summon Cactus Giant      Summ           12%        N/A       58%         6
 Simulacrum               Ice/Necr       7%         N/A       93%         6
 Monstrous Menagerie      Summ           12%        N/A       98%         7


Dungeon Overview and Level Annotations

Branches:
Dungeon (9/15)             Temple (1/1) D:5
   Lair: D:8-11         Orc: D:9-12

Altars:
Cheibriados
Dithmenos
Fedhas
Gozag
Hepliaklqana
Makhleb
Qazlal
Ru
Trog
Uskayaw
Wu Jian
Zin
The Shining One

Shops:
D:2 (   D:4 [


Innate Abilities, Weirdness & Mutations

You are small and have problems with some larger weapons.
You are completely attuned to the shadows.


Message History

Press: ? - help, Q - select action, (/) - cycle Shift-Dir - straight line, f/p - slime creature
Aim: a slime creature (moderately wounded, 87% to hit)
You shoot a bolt. The bolt hits the slime creature!
The slime creature is severely wounded.
The slime creature completely misses you.
Unknown command.
The slime creature hits you!
* * * LOW HITPOINT WARNING * * *
Two slime creatures merge to form a large slime creature.
There is a stone staircase leading up here.
The slime creature hits you but does no damage.
You climb upwards.
There is a stone staircase leading down here.
You are too injured to fight recklessly!
Fire: 40 bolts
Press: ? - help, Q - select action, (/) - cycle Shift-Dir - straight line, f - slime creature
Aim: a slime creature (87% to hit)
You shoot a bolt. The bolt hits the slime creature.
The slime creature is lightly wounded.
The slime creature closely misses you.
Fire: 39 bolts
Press: ? - help, Q - select action, (/) - cycle Shift-Dir - straight line, f/p - slime creature
Aim: a slime creature (lightly wounded, 87% to hit)
You shoot a bolt. The bolt hits the slime creature.
The slime creature is lightly wounded.
The slime creature barely misses you.
Fire: 38 bolts
Press: ? - help, Q - select action, (/) - cycle Shift-Dir - straight line, f/p - slime creature
Aim: a slime creature (lightly wounded, 87% to hit)
You shoot a bolt. The bolt hits the slime creature.
The slime creature is lightly wounded.
The slime creature hits you.
* * * LOW HITPOINT WARNING * * *
Fire: 37 bolts
Press: ? - help, Q - select action, (/) - cycle Shift-Dir - straight line, f/p - slime creature
Aim: a slime creature (lightly wounded, 87% to hit)
You shoot a bolt. The bolt hits the slime creature.
The slime creature is moderately wounded.
The slime creature hits you!
You die...

........'......#...............##
##+##..##......#.............#.##
....#####......#.............#..#
....#...#......#.............#...
....'...#......#.....##.##.###..#
....#...#......#.....#.....#.....
....#...#......#.....#...........
....#...+......#.....#.....#.....
....#####......#@J...#...####.###
####....#..##..#.....#...####.###
#....##+##..#.....#....#....#.
#....#......#.....#....#......
#....'......#..........#....#.
####....#......#.....#....#†...#.
#.......#......#.....#...##....#.
#.......#..##..#.....#...##...###
#.......########.....#...##...###


You could see a slime creature.

Vanquished Creatures
  Harold (D:7)
  Joseph (D:8)
  An unseen horror (D:8)
  A steam dragon (D:4)
  A water moccasin (D:4)
  An orc warrior (D:7)
  A sky beast (D:5)
  A black bear (D:5)
  An ice beast (D:6)
  2 necrophages (D:5)
  3 ogres (D:5)
  A kobold brigand (D:5)
  A nameless horror (D:7)
  2 bullfrogs
  3 scorpions
  A water moccasin zombie (D:6)
  A wyvern skeleton (D:6)
  6 killer bees (D:8)
  A water moccasin skeleton (D:5)
  5 jellies
  2 bullfrog skeletons
  2 orc priests
  5 hounds
  2 iguanas (D:5)
  An orc wizard (D:6)
  A killer bee zombie (D:7)
  A hound zombie (D:5)
  2 hound skeletons (D:4)
  2 howler monkey zombies (D:5)
  11 gnolls
  9 adders
  3 shadow imps
  2 white imps (D:7)
  An ufetubus (D:7)
  An adder skeleton (D:4)
  2 worms
  3 dart slugs
  9 orcs
  6 ball pythons
  8 endoplasms
  6 giant cockroaches
  A goblin (D:2)
  5 hobgoblins
  4 jackals (D:2)
  3 quokkas
  10 bats
  2 frilled lizards (D:2)
  18 kobolds
  4 rats
161 creatures vanquished.

Vanquished Creatures (others)
  A kobold (D:4)
1 creature vanquished.

Grand Total: 162 creatures vanquished

Notes
Turn   | Place    | Note
-------+----------+-------------------------------------------
     0 | D:1      | horus123 the Kobold Hunter began the quest for the Orb.
     0 | D:1      | Reached XP level 1. HP: 12/12 MP: 1/1
    24 | D:1      | Reached skill level 5 in Crossbows
    93 | D:1      | Reached XP level 2. HP: 18/18 MP: 2/2
   373 | D:1      | Reached XP level 3. HP: 22/22 MP: 3/3
   703 | D:2      | Reached skill level 6 in Crossbows
   715 | D:2      | Found Xeliaje's Weapon Emporium.
   841 | D:2      | Reached XP level 4. HP: 28/28 MP: 4/4
  1070 | D:2      | Reached XP level 5. HP: 33/33 MP: 5/5
  1151 | D:2      | Learned a level 2 spell: Blink
  1597 | D:3      | Reached skill level 1 in Spellcasting
  1690 | D:3      | Found a faded altar of an unknown god.
  1696 | D:3      | Got Plato's Grimoire of Hexes
  1770 | D:3      | Found a glowing golden altar of the Shining One.
  2031 | D:3      | Found an ornate altar of the Wu Jian Council.
  2541 | D:3      | Found a sacrificial altar of Ru.
  2617 | D:3      | Reached skill level 1 in Translocations
  2620 | D:3      | Reached XP level 6. HP: 36/38 MP: 7/7
  2859 | D:4      | Found a glowing silver altar of Zin.
  2863 | D:4      | Learned a level 2 spell: Scorch
  3003 | D:4      | Found Soiseoj's Armour Boutique.
  3073 | D:4      | Reached skill level 1 in Fire Magic
  3179 | D:4      | Noticed a steam dragon
  3192 | D:4      | Killed a steam dragon
  3193 | D:4      | Reached XP level 7. HP: 3/43 MP: 1/8
  3699 | D:4      | Found a shadowy altar of Dithmenos.
  3880 | D:4      | Noticed a water moccasin
  3886 | D:4      | Killed a water moccasin
  4259 | D:4      | Learned a level 1 spell: Slow
  4283 | D:5      | Entered Level 5 of the Dungeon
  4330 | D:5      | Reached skill level 1 in Hexes
  4340 | D:5      | Reached XP level 8. HP: 42/48 MP: 4/13
  4557 | D:5      | Reached skill level 5 in Hexes
  4741 | D:5      | Identified a scroll of acquirement
  4741 | D:5      | Acquired 374 gold pieces
  4785 | D:5      | Found a staircase to the Ecumenical Temple.
  4796 | Temple   | Entered the Ecumenical Temple
  4901 | Temple   | Became a worshipper of Makhleb the Destroyer
  4987 | D:5      | Reached XP level 9. HP: 51/52 MP: 14/14
  5618 | D:5      | Reached skill level 7 in Crossbows
  5883 | D:5      | Learned a level 4 spell: Flame Wave
  6041 | D:6      | Reached skill level 8 in Crossbows
  6068 | D:6      | Learned a level 4 spell: Summon Ice Beast
  6320 | D:6      | Reached skill level 1 in Summonings
  6538 | D:6      | Found an opulent altar of Gozag.
  6761 | D:7      | Reached * piety under Makhleb
  6842 | D:7      | Noticed Harold
  6873 | D:7      | Killed Harold
  6874 | D:7      | Reached skill level 5 in Summonings
  6874 | D:7      | Reached XP level 10. HP: 25/57 MP: 1/15
  7215 | D:7      | Found a snail-covered altar of Cheibriados.
  7503 | D:7      | Reached skill level 1 in Ice Magic
  7973 | D:8      | Noticed Joseph
  7991 | D:8      | Killed Joseph
  8279 | D:8      | Killed an unseen horror
  8280 | D:8      | Reached skill level 5 in Ice Magic
  9719 | D:7      | Mangled by a slime creature

Illustrated notes

Levels and vault maps discovered:
D:1:      tarquinn_simple_flora_water_b, layout_basic, minmay_tall_x
D:2:      layout_loops_ring, serial_shops, shop, minmay_cut_off
D:3:      layout_loops_corners, nicolae_ru_sacrificial_ziggurat,
          mainiacjoe_overflow_alcove_2, mainiacjoe_overflow_boulevard,
          shapermc_ecumenical_altar_rom_forum, cheibrodos_gnoll_hut
D:4:      kennysheep_spiral_hall, layout_loops_ring, overflow_temple_1_default,
          mainiacjoe_overflow_24_doors, serial_shops, nicolae_shop_trees,
          kennysheep_doodads
D:5:      layout_loops_ring, minmay_temple_entry_statues,
          hangedman_decor_opposing, st_stairs_6,
          nicolae_concentric_dashed_squares_mild, hangedman_decor_lopped
D:6:      layout_basic, mainiacjoe_overflow_alcove_4
D:7:      layout_gridville, chei_slow_surprise,
          nicolae_ossuary_entry_false_entrances, uniq_harold
D:8:      layout_layer_cave, uniq_joseph
D:9:      layout_roguey, grunt_lair_entry_orc_guard_hut,
          amcnicky_altar_lugonu_corruption
Temple:   nicolae_temple_figure_eight

Skill      XL: |  1  2  3  4  5  6  7  8  9 10 |
---------------+-------------------------------+-----
Crossbows      | 5 6 8 |  8.1
Fighting       | 3 4 |  4.2
Spellcasting   | 1 3 4 |  4.2
Translocations | 2 3 |  3.4
Fire Magic     | 3 |  3.6
Hexes          | 2 5 |  5.5
Evocations     | 3 4 |  4.5
Summonings     | 5 |  5.9
Ice Magic      | 5 |  5.6
Dodging        | |  2.4
Stealth        | |  1.3

Action                   |  1- 3 |  4- 6 |  7- 9 | 10-12 || total
-------------------------+-------+-------+-------+-------++-------
Melee: Short sword       |       |     4 |       |       ||     4
       Hand crossbow     |       |       |       |     1 ||     1
 Fire: Hand crossbow     |    58 |    79 |   161 |    64 ||   362
 Cast: Scorch            |       |     4 |    40 |    22 ||    66
       Blink             |       |     1 |     1 |     1 ||     3
       Summon Ice Beast  |       |       |       |     1 ||     1
Evoke: Wand              |       |     5 |     3 |     3 ||    11
  Use: Scroll            |     6 |     2 |    10 |       ||    18
       Potion            |       |       |     1 |     3 ||     4
Armor: Leather armour    |     5 |    10 |       |       ||    15
       Steam dragon scal |       |       |    31 |    24 ||    55
Dodge: Dodged            |    10 |    25 |    79 |    60 ||   174

Table legend: (Time is in decaauts)
 A = Elapsed time spent in this place.
 B = Non-inter-level travel time spent in this place.
 C = Inter-level travel time spent in this place.
 D = Time resting spent in this place.
 E = Time spent auto-exploring this place.
 F = Levels seen in this place.
 G = Mean time per level.
                   A        B        C        D        E       F      G
               +--------+--------+--------+--------+--------+-----+--------+
         Total |   9788 |   9071 |    717 |    893 |   6995 |  10 |  978.8 |
       Dungeon |   9665 |   8965 |    700 |    893 |   6906 |   9 | 1073.9 |
        Temple |    122 |    105 |     17 |      0 |     89 |   1 |  122.0 |
               +--------+--------+--------+--------+--------+-----+--------+

Top non-repeatable levels by time:
     D:8: 1571 daAuts
     D:4: 1560 daAuts
     D:5: 1434 daAuts
     D:7: 1328 daAuts
     D:3: 1282 daAuts
     D:2: 929 daAuts
     D:6: 811 daAuts
     D:1: 709 daAuts
  Temple: 122 daAuts
     D:9: 36 daAuts
